 Dungeon Crawl Stone Soup version 0.30.1-11-g7821555f0a (webtiles) character file.

Game seed: 4217713812610742801

130 Wiggles the Chopper (level 4, -3/41 HPs)
             Began as a Minotaur Berserker on Nov 15, 2023.
             Was a Believer of Trog.
             Splashed by a jelly's acid (4 damage)
             ... on level 2 of the Dungeon.
             The game lasted 00:02:19 (1366 turns).

Wiggles the Chopper (Minotaur Berserker)            Turns: 1366, Time: 00:02:20

Health: -3/41      AC:  1    Str: 24    XL:     4   Next: 89%
Magic:  3/3        EV: 10    Int:  4    God:    Trog [**....]
Gold:   92         SH:  0    Dex:  9    Spells: 3/3 levels left

rFire   . . .        a - +0 hand axe
rCold   . . .        (no shield)
rNeg    . . .        l - +0 scale mail
rPois   .            (helmet restricted)
rElec   .            (no cloak)
rCorr   .            c - +2 pair of gloves
SInv    +            (no boots)
Will    +....        (no amulet) Stlth
                     i - ring of willpower
HPRegen 0.26/turn    q - ring of see invisible
MPRegen 0.08/turn

%: no passive effects
@: corroded
A: horns 2, retaliatory headbutt
a: Renounce Religion, Berserk, Trog's Hand


You were on level 2 of the Dungeon.
You worshipped Trog.
Trog was pleased with you.
You visited 1 branch of the dungeon, and saw 2 of its levels.

You collected 92 gold pieces.

Inventory:

Hand Weapons
 a - a +0 hand axe (weapon)
Armour
 c - a +2 pair of gloves (worn)
 l - a +0 scale mail (worn)
Jewellery
 i - a ring of willpower (left hand)
 q - a ring of see invisible (right hand)
Scrolls
 b - a scroll of vulnerability {unknown}
 d - a scroll of teleportation {unknown}
 h - a scroll of torment {unknown}
 j - a scroll of fog {unknown}
 m - a scroll of fear {unknown}
 n - a scroll of butterflies {unknown}
 o - a scroll of enchant weapon {unknown}
 p - a scroll of immolation {unknown}
Potions
 e - a potion of lignification {unknown}
 f - a potion of ambrosia {unknown}
 g - a potion of resistance {unknown}
 k - a potion of mutation {unknown}


   Skills:
 + Level 4.7 Fighting
 + Level 5.2 Axes
 + Level 3.0 Armour
 + Level 3.0 Dodging
 + Level 0.3 Stealth


You had 3 spell levels left.
You didn't know any spells.
Your spell library was empty.

Dungeon Overview and Level Annotations

Branches:
Dungeon (2/15)

Altars:

Shops:
D:1 ?


Innate Abilities, Weirdness & Mutations

You have a pair of horns on your head.
You reflexively headbutt those who attack you in melee.


Message History

The endoplasm is almost dead.
The endoplasm hits you.
You hit the endoplasm.
You kill the endoplasm!
Trog accepts your kill.
You barely miss the endoplasm. You headbutt the endoplasm.
You kill the endoplasm!
Trog accepts your kill.
You are no longer corroded.
An endoplasm is nearby!
You are too injured to fight recklessly!
Things that are here:
a +0 short sword; 3 stones; a kobold corpse The endoplasm hits you but does no damage.
You hit the endoplasm but do no damage. The endoplasm barely misses you.
You barely miss the endoplasm. The endoplasm freezes you.
You are frozen.
You hit the endoplasm.
The endoplasm is severely wounded.
The endoplasm closely misses you. You furiously retaliate!
You headbutt the endoplasm!
You kill the endoplasm!
Trog accepts your kill.
A jelly is nearby!
The jelly quivers.
The jelly attacks as you move away! The jelly closely misses you.
Things that are here:
a +0 short sword; 3 stones; a kobold corpse You slash the jelly!
The acid corrodes you!
Your hands burn!
Your headbutt misses the jelly.
The jelly is heavily wounded.
The jelly hits you. The acid corrodes you!
You are splashed with acid!
* * * LOW HITPOINT WARNING * * *
You hit the jelly but do no damage.
Your hands burn!
* * * LOW HITPOINT WARNING * * *
The jelly is heavily wounded.
The jelly closely misses you.
You hit the jelly.
Your hands burn!
You die...

#.....# ##.))).##
#.#.#.## #######
#.......# #.#.#.#
#.......# #.#.#.#
#.......# #.#.#.###
#.......# #.#.#...# #
#....#### #)#.#...# #
#....'..###.#.....###
########.##.#........
##.J@...###..........
#'####### ###.#...###
#...PJJ...
###.#...###
#...J.....
#.......#..
#..÷P...P.
###.#.###..
#........÷ ###.# #..
#...P.P..÷ #.# #.[
#.÷......$ #.# #..
########## #.# #.(


You could see a jelly.

Vanquished Creatures
  A jelly (D:2)
  3 adders (D:2)
  A worm (D:2)
  2 dart slugs
  12 endoplasms
  2 giant cockroaches
  6 goblins
  2 hobgoblins (D:2)
  4 jackals
  10 kobolds
  2 quokkas (D:2)
  5 ball pythons
  A bat (D:1)
  2 frilled lizards (D:1)
  4 rats
57 creatures vanquished.

Notes
Turn   | Place    | Note
-------+----------+-------------------------------------------
     0 | D:1      | Wiggles the Minotaur Berserker began the quest for the Orb.
     0 | D:1      | Reached XP level 1. HP: 19/19 MP: 0/0
    96 | D:1      | Found The Oracle's Delphic Readings.
   181 | D:1      | Reached XP level 2. HP: 27/27 MP: 1/1
   365 | D:1      | Reached skill level 4 in Axes
   620 | D:1      | You fall into a shaft and drop 1 floor!
   783 | D:2      | Reached XP level 3. HP: 32/33 MP: 2/2
   800 | D:2      | Reached ** piety under Trog
  1048 | D:2      | Reached XP level 4. HP: 41/41 MP: 3/3
  1344 | D:2      | Reached skill level 5 in Axes
  1365 | D:2      | HP: 1/41 [acid (3)]
  1366 | D:2      | Splashed by a jelly's acid

Illustrated notes

Levels and vault maps discovered:
D:1:      minmay_arrival_four_circles, layout_basic, grunt_decor_fettered,
          nicolae_nh_oracle_at_delphi
D:2:      cheibrodos_fertilizer, layout_basic

Skill      XL: |  1  2  3  4 |
---------------+-------------+-----
Fighting       | 4 |  4.7
Axes           | 4 5 |  5.2
Armour         | 3 |  3.0
Dodging        | 3 |  3.0
Stealth        | |  0.3

Action                     |  1- 3 |  4- 6 || total
---------------------------+-------+-------++-------
  Melee: Hand axe          |    72 |    30 ||   102
         Headbutt          |    13 |     3 ||    16
         Punch             |       |     1 ||     1
 Armour: Animal skin       |    15 |       ||    15
         Scale mail        |    17 |    10 ||    27
  Dodge: Dodged            |    44 |    14 ||    58
